 Dungeon Crawl Stone Soup version 0.25-a0-781-gc44aebf4fe (webtiles) character file.

Game seed: 2405569027630674011, levelgen mode: classic

207876 Amnesiac the Spry (level 17, 85/85 HPs)
             Began as a Felid Earth Elementalist on Apr 16, 2020.
             Was the Champion of Ashenzari.
             Quit the game on level 2 of the Depths.
             The game lasted 02:01:00 (40680 turns).

Amnesiac the Spry (Felid Earth Elementalist)       Turns: 40680, Time: 02:01:01

Health: 85/85      AC:  9    Str:  5    XL:     17   Next: 62%
Magic:  44/44      EV: 35    Int: 24    God:    Ashenzari [******]
Gold:   1813       SH:  0    Dex: 19    Spells: 11/43 levels left
                                        Lives:  1   Deaths: 1

rFire    . . .     SeeInvis +     - Unarmed
rCold    + . .     Gourm    .   (shield unavailable)
rNeg     . . .     Faith    .   (armour unavailable)
rPois    .         Spirit   .   (helmet unavailable)
rElec    .         Reflect  .   (cloak unavailable)
rCorr    .         Harm     .   (gloves unavailable)
MR       +++..     Clarity  +   (boots unavailable) Stlth +++++++...Rnd*Tele +
                                f - amulet of magic regeneration (curse)
HPRegen  0.24/turn              e - +3 ring of protection (curse)
MPRegen  0.54/turn              N - ring of the Octopus King {MP+9 AC+1 EV+1 Str+1 Int+1 Dex+1} (curse)

@: deflect missiles, quick
A: very small, no armour, no weapons or thrown items, stealth, claws 1, fangs 3,
iridescent scales 1, see invisible, carnivore, speed 1, magic resistance 1,
screaming 1, shaggy fur 3, slow metabolism 1, teleportitis 1, wild magic 1,
sharp paws
}: 2/15 runes: barnacled, gossamer
a: Curse Item, Scrying, Transfer Knowledge, Renounce Religion


You were on level 2 of the Depths.
You worshipped Ashenzari.
Ashenzari was exalted by your worship.
You were not hungry.

You visited 7 branches of the dungeon, and saw 34 of its levels.

You collected 4099 gold pieces.
You spent 2286 gold pieces at shops.

Inventory:

Missiles
 y - 654 stones
Jewellery
 e - a cursed +3 ring of protection (left paw)
 f - a cursed amulet of magic regeneration (around neck)
 G - an uncursed amulet of harm
 M - an uncursed ring of protection from fire
 N - a cursed ring of the Octopus King (right paw) {MP+9 AC+1 EV+1 Str+1 Int+1 Dex+1}
   (You took it off an efreet on level 13 of the Dungeon)

   [ring of magical power]

   It affects your AC (+1).
   It affects your evasion (+1).
   It affects your strength (+1).
   It affects your intelligence (+1).
   It affects your dexterity (+1).
   It affects your magic capacity (+9).
   It has a curse placed upon it.
 O - an uncursed ring of protection from fire
 W - an uncursed ring of resist corrosion
Wands
 b - a wand of enslavement (44)
 u - a wand of polymorph (13)
 x - a wand of digging (5)
 A - a wand of flame (84)
 E - a wand of paralysis (7)
 F - a wand of iceblast (19)
 I - a wand of random effects (20)
 J - a wand of scattershot (7)
 L - a wand of acid (32)
 V - a wand of disintegration (10)
Scrolls
 g - 7 scrolls of amnesia {!r}
 h - 5 scrolls of fear {!r}
 i - 3 scrolls of fog {!r}
 k - 10 scrolls of teleportation {!r}
 m - 7 scrolls of blinking {!r}
 o - 5 scrolls of magic mapping {!r}
 q - 17 scrolls of remove curse {!r}
 s - 4 scrolls of noise {!r}
 w - 4 scrolls of vulnerability {!r}
 C - 2 scrolls of summoning {!r}
 D - 8 scrolls of identify {!r}
 R - a scroll of holy word {!r}
 U - 2 scrolls of silence {!r}
Potions
 d - 6 potions of lignification {!q}
 j - 3 potions of haste {!q}
 l - 2 potions of heal wounds {!q}
 n - 6 potions of brilliance {!q}
 p - 16 potions of curing {!q}
 r - a potion of resistance {!q}
 t - 2 potions of magic {!q}
 v - 3 potions of stabbing {!q}
 z - 6 potions of might {!q}
 B - 3 potions of mutation {!q}
 H - 3 potions of flight {!q}
 K - a potion of ambrosia {!q}
 Q - 4 potions of cancellation {!q}
 X - a potion of berserk rage {!q}
Miscellaneous
 a - a tin of tremorstones
 P - a lightning rod (4/4)
 T - a phial of floods
Comestibles
 c - 32 rations


   Skills:
 - Level 15.0 Fighting
 - Level 18.0 Dodging
 - Level 15.0 Stealth
 - Level 11.0 Unarmed Combat
 - Level 13.5 Spellcasting
 - Level 8.6(13.0) Hexes
 - Level 8.6(13.0) Charms
 - Level 1.1(3.7) Transmutations
 - Level 1.8(5.0) Air Magic
 * Level 13.4(17.4) Earth Magic
 - Level 6.0(10.5) Evocations


You had 11 spell levels left.
You knew the following spells:

 Your Spells              Type           Power        Failure   Level  Hunger
a - Lee's Rapid Deconstr  Erth           #######...   1%          5    ###....
b - Passwall              Tmut/Erth      ######..     1%          2    None
c - Deflect Missiles      Chrm/Air       ######....   21%         6    #####..
d - Sandblast             Erth           ######       1%          1    None
e - Petrify               Tmut/Erth      ######..     1%          4    None
f - Confusing Touch       Hex            #######.     1%          3    None
g - Summon Butterflies    Summ           ####....     4%          1    None
w - Invisibility          Hex            #######.     4%          6    #####..
z - Leda's Liquefaction   Hex/Erth       #######...   1%          4    None

Your spell library contained the following spells:

 Spells                   Type           Power        Failure   Level  Hunger
 Corona                   Hex            #######      1%          1    None
 Stone Arrow              Conj/Erth      ######       1%          3    None
 Tukima's Dance           Hex            #######.     1%          3    None
 Cause Fear               Hex            #######...   1%          4    None
 Sting                    Tmut/Pois      ####         3%          1    None
 Poisonous Vapours        Pois/Air       #####.       3%          2    None
 Animate Skeleton         Necr           N/A          4%          1    None
 Apportation              Tloc           ####..       4%          1    None
 Foxfire                  Conj/Fire      ####         4%          1    None
 Pain                     Necr           ####         4%          1    None
 Summon Small Mammal      Summ           ####         4%          1    None
 Silence                  Hex/Air        ######....   4%          5    ###....
 Yara's Violent Unravell  Hex/Tmut       ######....   5%          5    ###....
 Mephitic Cloud           Conj/Pois/Air  ####....     8%          3    None
 Ignite Poison            Fire/Tmut/Pois ####....     9%          3    None
 Metabolic Englaciation   Hex/Ice        ######....   10%         5    ###....
 Bolt of Magma            Conj/Fire/Erth ######....   12%         5    ###....
 Statue Form              Tmut/Erth      ######...    12%         6    #####..
 Gell's Gravitas          Tloc           ####......   13%         3    None
 Lesser Beckoning         Tloc           ####......   13%         3    None
 Vampiric Draining        Necr           ####......   13%         3    None
 Summon Lightning Spire   Summ/Air       #####...     16%         4    None
 Iron Shot                Conj/Erth      ######....   21%         6    #####..
 Animate Dead             Necr           N/A          36%         4    None
 Olgreb's Toxic Radiance  Pois           ####....     36%         4    None
 Alistair's Intoxication  Tmut/Pois      ####....     47%         5    ###....
 Agony                    Necr           ####....     69%         5    ###....
 Conjure Ball Lightning   Conj/Air       #####.....   91%         6    #####..
 Shatter                  Erth           #######...   98%         9    #######
 Dragon Form              Tmut           #####.....   100%        7    ######.
 Dragon's Call            Summ           ####......   100%        9    #######
 Tornado                  Air            ######....   100%        9    #######


Dungeon Overview and Level Annotations

Branches:
Dungeon (15/15)            Temple (1/1) D:4            Lair (6/6) D:11
 Shoals (4/4) Lair:4       Spider (4/4) Lair:2        Slime (0/5) Lair:5
    Orc (2/2) D:11            Elf (0/3) Orc:2        Vaults (0/5) D:13
 Depths (2/5) D:15

Altars:
Ashenzari
Cheibriados
Dithmenos
Elyvilon
Fedhas
Gozag
Hepliaklqana
Kikubaaqudgha
Makhleb
Nemelex Xobeh
Okawaru
Qazlal
Ru
Sif Muna
Trog
Uskayaw
Vehumet
Wu Jian
Xom
Yredelemnul
Zin
The Shining One
Beogh
Jiyva

Shops:
D:6 :   D:13 ((}   Orc:2 (}?[?   Shoals:4 *

Portals:
Hell: Depths:1
Ziggurat: Depths:1
Trove: D:10 (give horn of Geryon)

Annotations:
Shoals:1 2 transporters


Innate Abilities, Weirdness & Mutations

You cannot wear armour.
You are incapable of wielding weapons or throwing items.
Your paws allow you to move quietly. (Stealth)
You have sharp claws.
You have razor-sharp teeth.
You have supernaturally acute eyesight. (SInv)
You are carnivorous and can eat meat at any time.
You cover ground quickly.
Your thick and shaggy fur keeps you warm. (AC +3, rC+)
You have a slow metabolism.
Your sharp claws are effective at attacking unaware monsters.
You are partially covered in iridescent scales. (AC +2)
You are resistant to hostile enchantments. (MR+)
You occasionally shout uncontrollably at your foes.
You are occasionally teleported next to monsters.
Your spells are a little harder to cast, but a little more powerful.


Message History

The fire dragon completely misses you. The fire dragon misses you.
The fire dragon tramples you.
You hold your ground!
The ogre mage gestures at the two-headed ogre while chanting.
The two-headed ogre seems to speed up.
You continue meditating on the rock.
The spark wasp completely misses you. The fire dragon barely misses you.
The fire dragon misses you. The fire dragon completely misses you.
The ogre mage mumbles some strange words.
The ogre mage flickers and vanishes for a moment.
The spark wasp completely misses you.
You finish merging with the rock.
You hiss at the deep troll earth mage! 2 vampire knights, a deep troll earth mage and a caustic shrike come into view.
A vampire knight is wielding a +3 war axe of electrocution.
Really read
k - 11 scrolls of teleportation {!r}?
As you read the scroll of teleportation {!r}, it crumbles to dust.
You feel strangely unstable.
You hear two shouts!
A vampire knight opens the door.
A phantasmal warrior comes into view.
Okay, then.
Casting: Passwall (safe; 1% risk of failure)
Confirm with . or Enter, or press ? or * to list all spells.
Okay, then.
Okay, then.
Unknown command.
Press: ? - help, v - describe, . - travel
Here: a caustic shrike The floor.
Casting: Passwall (safe; 1% risk of failure)
Confirm with . or Enter, or press ? or * to list all spells.
The ground around you becomes liquefied!
The caustic shrike claws you. The acid corrodes you!
You are splashed with acid!
* * * LOW HITPOINT WARNING * * *
The yaktaur wields a +0 arbalest.
The yaktaur shoots a bolt.
You deflect the bolt!
The caustic shrike completely misses you.
The phantasmal warrior blinks!
The vampire knight mumbles some strange words.
The vampire knight flickers and vanishes for a moment.
The caustic shrike claws you!!
* * * LOW HITPOINT WARNING * * *
You are splashed with acid!
* * * LOW HITPOINT WARNING * * *
The phantasmal warrior hits you!!
You die...
Your magical defenses are stripped away!
The ice dragon breathes frost at you. The blast of cold misses you.
The caustic shrike claws you!!
You are splashed with acid!
A yaktaur opens the door.
The vampire knight gestures wildly while chanting.
The vampire knight flickers and vanishes for a moment.
You are now level 17!
You rejoin the land of the living...
Casting: Leda's Liquefaction (safe; 1% risk of failure)
Confirm with . or Enter, or press ? or * to list all spells.
Okay, then.
Okay, then.
Saving game... please wait.
Welcome back, Amnesiac the Felid Earth Elementalist.
Ashenzari says: Partake of my vision.
Partake of my curse.
Press ? for a list of commands and other information.
Are you sure you want to abandon this character and quit the game? (Confirm with "yes".)

, * * ,,** * .# # #..**
*#. ######*#..### ..*
.....##..§§..# ##.##
.....#..#....# #...#
.....#.≈≈....# #...#
#####≈.≈§....# #...#*
####≈≈.≈§...§###@..#≈* *
.[......§§§§§......≈§≈#*
##≈≈≈≈§§≈≈§§≈###...≈§§§ *
* * *
.§.§§§.§§≈§≈§§.....≈≈≈≈.
***
...)§C(§(§C).§..........
,, ,, *
...#≈≈(.§≈≈#)).....≈≈§#.
, ,*** ≈
.?.##§§.≈§##.....≈§≈≈≈#,,
, * *
...###≈§§######≈≈≈.≈§§§
** * ≈ #### ##.#≈≈#
≈≈≈..§ ≈ * *


There were no monsters in sight!

Vanquished Creatures
  Jorgrun (D:15)
  A lich (Depths:1)
  Asterion (Depths:1)
  A frost giant (shapeshifter) (D:15)
  8 emperor scorpions
  4 ghost moths
  Aizul (Depths:1)
  2 stone giants (Depths:2)
  An entropy weaver (Spider:2)
  3 spark wasps (Spider:4)
  3 merfolk javelineers (Shoals:4)
  3 ettins
  3 fire dragons
  Josephine (D:10)
  A yaktaur captain (Depths:1)
  2 great orbs of eyes
  Harold (D:8)
  The ghost of DOPEyDwarf the Cleaver, a journeyman HOBe of Trog (D:9)
  8 merfolk impalers
  An ice dragon (D:15)
  A rakshasa (Depths:1)
  4 vault guards (D:13)
  12 hydras
  2 merfolk avatars
  5 two-headed ogres
  The ghost of sixsigma the Thaumaturge, a journeyman GnWz of Ashenzari (D:9)
  3 alligator snapping turtles
  The ghost of Grendash the Blocker, a novice MiFi of Makhleb (D:9)
  A death knight (D:14)
  An ogre mage (D:13)
  A satyr (Shoals:4)
  5 centaur warriors
  8 death scarabs (Spider:4)
  3 tengu warriors
  3 deep troll shamans (Depths:1)
  The ghost of Zorot the Tainter, a journeyman OpVM of Vehumet (D:10)
  8 orc high priests (Orc:2)
  4 death yaks (D:11)
  2 merfolk aquamancers (Shoals:4)
  5 hell knights (Depths:1)
  An iron troll (Depths:1)
  A salamander mystic (Depths:2)
  A wizard (Depths:1)
  7 sea snakes
  6 unseen horrors
  7 deep trolls (Depths:1)
  3 spectral wolf spiders (Spider:4)
  A lindwurm (Lair:3)
  A glowing orange brain (Depths:2)
  An orc knight (D:13)
  13 ugly things
  33 wolf spiders
  A phantasmal warrior (D:14)
  A necromancer (Depths:1)
  13 harpies
  11 orb spiders
  3 wolf spider zombies (Spider:4)
  A deep elf mage (D:13)
  4 salamanders (Depths:2)
  4 cyclopes
  7 fauns
  Maurice (Orc:2)
  4 moths of wrath
  7 manticores
  6 water nymphs
  13 merfolk sirens
  A black mamba (Lair:4)
  A torpor snail (Lair:6)
  3 gargoyles
  2 rime drakes
  23 spiny frogs
  5 centaur skeletons
  7 spectral redbacks (Spider:4)
  7 yaktaurs
  13 demonic crawlers
  6 komodo dragons
  6 tengu conjurers
  An efreet (D:13)
  2 kobold demonologists (D:14)
  2 freezing wraiths
  4 trolls
  4 wind drakes
  22 merfolk
  33 jumping spiders
  10 hornets
  2 spectral tarantellas (Spider:4)
  3 spectral jumping spiders (Spider:4)
  13 slime creatures
  4 tyrant leeches (Lair:6)
  2 jumping spider zombies (Spider:4)
  2 tarantella zombies (Spider:4)
  29 blink frogs
  11 hippogriffs
  8 snapping turtles
  14 dream sheep
  A tarantella (shapeshifter) (D:13)
  46 redbacks
  2 vampires
  A shadow (D:13)
  17 tarantellas
  6 wraiths
  7 water elementals
  4 wyverns
  A wyvern (shapeshifter) (Depths:1)
  Eustachio (D:6)
  7 fire bats (Depths:2)
  18 yaks
  3 basilisks
  4 hogs (D:8)
  5 hungry ghosts
  2 humans
  3 chaos spawn (D:15)
  12 vampire mosquitoes
  5 wargs (Orc:2)
  2 acid dragons
  A soldier ant (shapeshifter) (D:13)
  5 water moccasins
  3 phantoms
  10 porcupines
  5 ice beasts
  11 orc warriors
  A sky beast (shapeshifter) (Depths:1)
  A black bear (D:8)
  7 ogres
  7 sky beasts
  A necrophage (D:12)
  4 wolves (Lair:1)
  2 eyes of draining
  16 centaurs
  16 crocodiles
  3 big kobolds
  25 bullfrogs
  5 scorpions
  13 killer bees
  13 wights
  3 howler monkeys
  5 electric eels
  A bullfrog zombie (D:13)
  9 crimson imps
  4 centaur zombies
  2 quasits
  Crazy Yiuf (D:3)
  4 jellies
  3 bullfrog skeletons
  36 orc priests
  7 hounds
  Jessica (D:2)
  6 iguanas
  13 orc wizards
  11 worker ants
  A hell rat (Lair:6)
  A killer bee zombie (D:9)
  3 hound skeletons
  A worker ant zombie (D:7)
  3 gnolls (Orc:2)
  11 river rats (Lair:6)
  8 adders
  A howler monkey skeleton (D:7)
  2 shadow imps
  2 oozes
  An adder zombie (D:9)
  An adder skeleton (D:6)
  2 dart slugs
  6 leopard geckos
  78 orcs
  3 giant cockroaches
  11 goblins
  6 hobgoblins
  11 jackals
  5 ball pythons
  11 bats
  5 frilled lizards
  A jackal skeleton (D:4)
  A jackal zombie (D:6)
  19 kobolds
  A leopard gecko skeleton (D:4)
  6 rats
  A butterfly (D:4)
  5 fungi
  5 plants (Lair:6)
  2 tentacles (Shoals:4)
1125 creatures vanquished.

Vanquished Creatures (others)
  A merfolk impaler (Shoals:4)
  A merfolk avatar (Shoals:4)
  A centaur simulacrum (D:13)
  A centaur (Shoals:4)
  An orc priest (Orc:1)
  A dart slug (D:1)
  11 bushes (Lair:5)
  12 fungi
  42 plants
  22 tentacles (Shoals:4)
93 creatures vanquished.

Grand Total: 1218 creatures vanquished

Notes
Turn   | Place    | Note
-------+----------+-------------------------------------------
     0 | D:1      | Amnesiac the Felid Earth Elementalist began the quest for
                  | the Orb.
     0 | D:1      | Reached XP level 1. HP: 7/7 MP: 4/4
   420 | D:2      | Noticed Jessica
   424 | D:2      | Killed Jessica
   424 | D:2      | Reached skill level 3 in Dodging
   424 | D:2      | Reached XP level 2. HP: 11/11 MP: 3/6
   424 | D:2      | Reached XP level 3. HP: 14/14 MP: 3/7
   496 | D:2      | Learned a level 2 spell: Passwall
  1440 | D:4      | Noticed a scorpion
  1457 | D:4      | Noticed an ogre
  1477 | D:4      | Killed an ogre
  1477 | D:4      | Reached XP level 4. HP: 18/18 MP: 3/9
  1477 | D:4      | Reached XP level 5. HP: 21/21 MP: 3/10
  1535 | D:5      | Entered Level 5 of the Dungeon
  1549 | D:4      | Found a staircase to the Ecumenical Temple.
  1557 | Temple   | Entered the Ecumenical Temple
  1725 | Temple   | Became a worshipper of Ashenzari the Shackled
  2591 | D:1      | Reached skill level 1 in Unarmed Combat
  3199 | D:2      | Learned a level 5 spell: Lee's Rapid Deconstruction
  3327 | D:3      | Found a runed translucent door.
  3328 | D:3      | Noticed Crazy Yiuf
  3444 | D:3      | Reached * piety under Ashenzari
  3609 | D:3      | Killed Crazy Yiuf
  3677 | D:3      | Gained mutation: You are covered in thick fur. (AC +2)
                  | [Felid growth]
  3677 | D:3      | Reached XP level 6. HP: 16/24 MP: 8/12
  3893 | D:4      | Reached skill level 5 in Earth Magic
  3935 | D:4      | Found an opulent altar of Gozag.
  4031 | D:4      | Reached XP level 7. HP: 23/27 MP: 10/13
  4114 | D:4      | Learned a level 4 spell: Petrify
  4445 | D:5      | Found a sparkling altar of Nemelex Xobeh.
  4486 | D:5      | Found a bloodstained altar of Trog.
  4584 | D:5      | Reached skill level 5 in Stealth
  4971 | D:5      | Found a burning altar of Makhleb.
  5108 | D:5      | Found an ornate altar of the Wu Jian Council.
  5335 | D:6      | Noticed Eustachio
  5545 | D:6      | Reached skill level 1 in Evocations
  6131 | D:6      | Gained mutation: You occasionally shout uncontrollably at
                  | your foes. [potion of mutation]
  6131 | D:6      | Gained mutation: You evolve. [potion of mutation]
  6131 | D:6      | Gained mutation: You are partially covered in iridescent
                  | scales. (AC +2) [potion of mutation]
  6131 | D:6      | Gained mutation: You are resistant to hostile enchantments.
                  | (MR+) [potion of mutation]
  6140 | D:6      | Reached XP level 8. HP: 9/31 MP: 7/16
  6502 | D:6      | Reached ** piety under Ashenzari
  6592 | D:6      | Found Fewnann's Book Boutique.
  6866 | D:6      | Reached skill level 5 in Spellcasting
  6891 | D:6      | Gained mutation: Your spells are a little harder to cast,
                  | but a little more powerful. [evolution]
  6990 | D:6      | Killed Eustachio
  7533 | D:7      | Found a basalt altar of Yredelemnul.
  7538 | D:7      | Found a glowing golden altar of the Shining One.
  7540 | D:7      | Noticed an angel
  7782 | D:7      | Noticed a hippogriff
  7797 | D:7      | Killed a hippogriff
  7876 | D:7      | Reached XP level 9. HP: 20/34 MP: 16/18
  8852 | D:8      | Reached skill level 5 in Unarmed Combat
  9088 | D:8      | Reached skill level 4 in Dodging
  9103 | D:8      | Noticed Harold
  9103 | D:8      | Reached skill level 1 in Fighting
  9265 | D:9      | Reached skill level 5 in Dodging
  9324 | D:9      | Reached *** piety under Ashenzari
  9438 | D:9      | Reached skill level 6 in Dodging
  9778 | D:9      | Reached XP level 10. HP: 41/41 MP: 14/20
  9859 | D:9      | Reached skill level 7 in Dodging
 10096 | D:9      | Found a white marble altar of Elyvilon.
 10236 | D:8      | Reached skill level 8 in Dodging
 10334 | D:8      | Killed Harold
 10334 | D:8      | Reached skill level 9 in Dodging
 10506 | D:10     | Entered Level 10 of the Dungeon
 10541 | D:10     | Noticed Josephine
 10717 | D:10     | Noticed a red ugly thing
 10735 | D:10     | Killed a red ugly thing
 10735 | D:10     | Reached skill level 10 in Dodging
 10939 | D:10     | Found a runed translucent gate.
 10939 | D:10     | Noticed sixsigma's ghost (journeyman GnWz)
 10940 | D:10     | Found a runed translucent gate.
 10940 | D:10     | Found a runed translucent gate.
 10941 | D:10     | Noticed Zorot's ghost (journeyman OpVM)
 10947 | D:10     | Noticed Grendash's ghost (novice MiFi)
 10951 | D:10     | Noticed DOPEyDwarf's ghost (journeyman HOBe)
 10966 | D:10     | Killed Zorot's ghost
 11083 | D:9      | Lost mutation: You evolve. [end of evolution]
 11527 | D:9      | Killed DOPEyDwarf's ghost
 11527 | D:9      | Reached skill level 11 in Dodging
 11527 | D:9      | Reached XP level 11. HP: 39/45 MP: 0/21
 11959 | D:9      | Killed Grendash's ghost
 12097 | D:10     | Noticed a two-headed ogre
 12109 | D:10     | Killed a two-headed ogre
 12109 | D:10     | Reached skill level 12 in Dodging
 12109 | D:10     | Reached skill level 10 in Earth Magic
 12166 | D:10     | Found a portal to a secret trove of treasure.
 12313 | D:9      | Killed sixsigma's ghost
 12495 | D:10     | Killed Josephine
 12578 | D:11     | Reached **** piety under Ashenzari
 12606 | D:11     | Noticed a death yak
 12606 | D:11     | Noticed a death yak
 12613 | D:11     | Noticed an unseen horror
 12624 | D:11     | Killed a death yak
 12627 | D:11     | Noticed a death yak
 12639 | D:11     | Killed a death yak
 12685 | D:11     | Noticed a death yak
 12691 | D:11     | Killed a death yak
 12713 | D:11     | Killed a death yak
 12760 | D:11     | Killed an unseen horror
 13011 | D:11     | Found a staircase to the Orcish Mines.
 13122 | D:11     | Noticed a cyan ugly thing
 13134 | D:11     | Killed a cyan ugly thing
 13134 | D:11     | Reached skill level 5 in Evocations
 13318 | D:11     | Found a staircase to the Lair.
 13656 | D:11     | Gained mutation: Your thick and shaggy fur keeps you warm.
                  | (AC +3, rC+) [Felid growth]
 13656 | D:11     | Reached XP level 12. HP: 48/48 MP: 20/22
 14073 | D:12     | Noticed a six-headed hydra
 14080 | D:12     | Killed a six-headed hydra
 14164 | D:12     | Reached ***** piety under Ashenzari
 14198 | D:12     | Reached skill level 13 in Dodging
 14632 | D:13     | Reached skill level 5 in Fighting
 14808 | D:13     | Reached skill level 14 in Dodging
 14853 | D:13     | Noticed a vault guard
 14905 | D:13     | Killed a vault guard
 15036 | D:13     | Found Paufafuh's Weapon Boutique.
 15475 | D:13     | Reached skill level 15 in Dodging
 15598 | D:13     | Found Betafut Ali's Gadget Shop.
 15620 | D:13     | Found Binep's Antique Weapon Emporium.
 15844 | D:13     | Noticed a six-headed hydra
 15852 | D:13     | Killed a six-headed hydra
 15860 | D:13     | Noticed an ogre mage
 15861 | D:13     | Identified a ring of the Octopus King {MP+9 AC+1 EV+1 Str+1
                  | Int+1 Dex+1}
 15864 | D:13     | Reached XP level 13. HP: 57/57 MP: 5/23
 16204 | D:13     | Reached skill level 16 in Dodging
 16239 | D:13     | Reached skill level 10 in Stealth
 16466 | D:13     | Found a gate to the Vaults.
 16714 | Orc:1    | Entered Level 1 of the Orcish Mines
 16714 | Orc:1    | Noticed a stone giant
 16717 | Orc:2    | Entered Level 2 of the Orcish Mines
 16895 | Orc:2    | Found Xuaxt's Antique Weapon Boutique.
 17543 | Orc:2    | Reached skill level 17 in Dodging
 17586 | Orc:2    | Noticed an ettin
 17597 | Orc:2    | Found a roughly hewn altar of Beogh.
 17664 | Orc:2    | Killed an ettin
 17803 | Orc:2    | Found a staircase to the Elven Halls.
 18104 | Orc:2    | Noticed Maurice
 18112 | Orc:2    | Killed Maurice
 18219 | Orc:2    | Found Plog's Antique Armour Shop.
 18219 | Orc:2    | Found Kuett's Magic Scroll Shoppe.
 18225 | Orc:2    | Bought a scroll of fog for 34 gold pieces
 18383 | Orc:2    | Found a roughly hewn altar of Beogh.
 18421 | Orc:2    | Found Urecusa's Gadget Shop.
 18421 | Orc:2    | Found Zapyishrut's Magic Scroll Shoppe.
 18435 | Orc:2    | Bought a scroll of magic mapping for 45 gold pieces
 18435 | Orc:2    | Bought a scroll of magic mapping for 45 gold pieces
 18435 | Orc:2    | Bought a scroll of blinking for 97 gold pieces
 18435 | Orc:2    | Bought a scroll of torment for 97 gold pieces
 18515 | Orc:2    | Bought a scroll of acquirement for 884 gold pieces
 18516 | Orc:2    | Identified the cursed amulet of Disaster {Reflect +Blink
                  | Str+7 Int-5 SH+4} (You acquired it on level 2 of the Orcish
                  | Mines)
 18548 | Orc:2    | Bought a wand of digging (7) for 308 gold pieces
 18579 | Orc:2    | Bought a scroll of summoning for 161 gold pieces
 18579 | Orc:2    | Bought a scroll of blinking for 127 gold pieces
 18579 | Orc:2    | Bought a scroll of fear for 59 gold pieces
 18579 | Orc:2    | Bought 3 scrolls of identify for 102 gold pieces
 18696 | Lair:1   | Entered Level 1 of the Lair of Beasts
 18739 | Lair:1   | Found a gate leading to a gauntlet.
 18788 | Lair:1   | Reached XP level 14. HP: 63/63 MP: 12/24
 19423 | Lair:2   | Found a hole to the Spider Nest.
 19475 | Lair:2   | Learned a level 6 spell: Deflect Missiles
 19502 | Lair:2   | Reached ****** piety under Ashenzari
 19515 | Lair:2   | Identified the cursed ring of Ethrewox {Str-2 Int+3 Dex+5
                  | Slay+6 Stlth+} (You acquired it on level 2 of the Lair of
                  | Beasts)
 19522 | Lair:2   | Learned a level 4 spell: Leda's Liquefaction
 20307 | Lair:3   | Reached skill level 18 in Dodging
 20382 | Lair:3   | Reached skill level 1 in Hexes
 21334 | Lair:4   | Reached skill level 5 in Hexes
 21945 | Lair:4   | Found a staircase to the Shoals.
 22067 | Lair:5   | Found a viscous altar of Jiyva.
 22067 | Lair:5   | Found a staircase to the Slime Pits.
 22094 | Lair:5   | Reached skill level 10 in Fighting
 22242 | Lair:5   | Learned a level 1 spell: Summon Butterflies
 22669 | Lair:6   | Entered Level 6 of the Lair of Beasts
 22939 | Lair:6   | Reached skill level 15 in Stealth
 23263 | Lair:6   | Found a shadowy altar of Dithmenos.
 23473 | Lair:6   | Reached XP level 15. HP: 69/69 MP: 12/26
 24220 | Lair:6   | Learned a level 3 spell: Confusing Touch
 25587 | D:15     | Entered Level 15 of the Dungeon
 25600 | D:15     | Noticed Jorgrun
 25618 | D:15     | Killed Jorgrun
 26193 | D:15     | Found a staircase to the Depths.
 26480 | D:15     | Noticed a frost giant
 26500 | D:15     | Killed a frost giant
 26615 | D:15     | Found a shimmering altar of Xom.
 26616 | D:15     | Found the +7 mace of Variability {chain chaos}
 27049 | Spider:1 | Entered Level 1 of the Spider Nest
 27068 | Spider:1 | Reached skill level 1 in Charms
 27085 | Spider:1 | Reached skill level 1 in Air Magic
 27958 | Spider:1 | Reached skill level 5 in Charms
 28193 | Spider:1 | Reached XP level 16. HP: 76/76 MP: 28/28
 31073 | Spider:3 | Reached skill level 10 in Spellcasting
 31102 | Spider:3 | Learned a level 6 spell: Invisibility
 31281 | Spider:4 | Entered Level 4 of the Spider Nest
 32372 | Spider:4 | Reached XP level 17. HP: 48/79 MP: 34/34
 32627 | Spider:4 | Reached skill level 10 in Unarmed Combat
 33276 | Spider:4 | Got a gossamer rune of Zot
 33523 | Shoals:1 | Entered Level 1 of the Shoals
 34067 | Shoals:1 | Found a transporter.
 34330 | Shoals:1 | Found a transporter.
 34331 | Shoals:1 | Identified the ring "Otushase" {Wiz rN+ Str+3 Slay+2}
 35902 | Shoals:3 | Found a glowing silver altar of Zin.
 36053 | Shoals:4 | Entered Level 4 of the Shoals
 36076 | Shoals:4 | HP: 4/82 [merfolk javelineer/silver javelin (3)]
 36379 | Shoals:4 | Got a barnacled rune of Zot
 37446 | Shoals:4 | Noticed a kraken
 37449 | Shoals:4 | Reached XP level 18. HP: 85/87 MP: 36/36
 37472 | Shoals:4 | HP: 3/87 [tentacle[a kraken] (9)]
 37752 | Shoals:4 | Found Cagudwaz's Assorted Antiques.
 37760 | Shoals:4 | Bought 2 yellow potions for 52 gold pieces
 37760 | Shoals:4 | Bought a scroll of blinking for 217 gold pieces
 37767 | Shoals:4 | Bought a wand of paralysis (4) for 58 gold pieces
 38525 | Depths:1 | Entered Level 1 of the Depths
 38553 | Depths:1 | Noticed Asterion
 38786 | Depths:1 | Gained mutation: You are occasionally teleported next to
                  | monsters. [a cacodemon]
 38787 | Depths:1 | Killed Asterion
 38873 | Depths:1 | Noticed a lich
 38887 | Depths:1 | Killed a lich
 39460 | Depths:1 | Found a gateway to Hell.
 39539 | Depths:1 | Found a gateway to a ziggurat.
 39736 | Depths:1 | Noticed Aizul
 39747 | Depths:1 | Killed Aizul
 40483 | Depths:2 | Reached skill level 15 in Fighting
 40677 | Depths:2 | Noticed a caustic shrike
 40679 | Depths:2 | Annihilated by a phantasmal warrior
 40680 | Depths:2 | Reached XP level 17. HP: -29/85 MP: 18/44
 40680 | Depths:2 | Quit the game

Levels and vault maps discovered:
D:1:      sevenhm_arrival_forest_fort_large_1, layout_rooms
D:2:      layout_basic, minmay_fractal_squares_5, uniq_jessica
D:3:      layout_loops_ring, first_ration, grunt_decor_fettered,
          kennysheep_generic_room_11, uniq_crazy_yiuf_cottage
D:4:      layout_basic, minmay_temple_entry_butterflies,
          nicolae_gozag_seed_capital
D:5:      layout_basic, old_standard_altar, bloody_trog, marbit_many_paths,
          basic_altar
D:6:      layout_loops_corners, serial_shops, shop, minmay_checkerbox,
          uniq_eustachio
D:7:      layout_basic, grunt_temple_overflow_holy_war
D:8:      layout_basic, grunt_livestock, uniq_harold
D:9:      layout_basic, kennysheep_mini_moat
D:10:     layout_roguey, enter_trove_0, gammafunk_ghost_cemetery, uniq_josephine
D:11:     layout_gridville, dpeg_lair_monsters, orc_0_dummy
D:12:     layout_roguey
D:13:     minmay_the_grid_octo_tiled_octocenter [minmay_the_grid_octo_chip,
          minmay_the_grid_octo_clover, minmay_the_grid_octo_clover_2,
          minmay_the_grid_octo_thin_diamonds, minmay_the_grid_octo_prize_star,
          minmay_the_grid_square_5x5_v, minmay_the_grid_square_5x5_minimal,
          minmay_the_grid_square_5x5_plus, minmay_the_grid_square_5x5_comb],
          layout_basic, grunt_vaults_entry_fortified, serial_shops,
          kennysheep_mini, nicolae_shop_stone, nicolae_shop_statue_plus
D:14:     layout_loops_ring, grunt_decor_one_mirror
D:15:     grunt_enter_depths_hoard, layout_layer_cave, minivault_23,
          minmay_guarded_unrand_variability, uniq_jorgrun
Temple:   nicolae_temple_elliptical
Lair:1:   layout_hall_layers, gauntlet_entry_generic,
          nicolae_quartered_pool_super
Lair:2:   layout_chaotic_city, spider_nest_entry_rubble,
          infiniplex_staircase_pool_2, serial_bayou_shore_a
Lair:3:   layout_loops_ring
Lair:4:   layout_loops_ring, minmay_shoals_entry_lonely_mermaid
Lair:5:   layout_roguey, slime_altar_1, chequers_serial_rivers_micro_a,
          st_stairs_7, minmay_hedge_maze, chequers_serial_rivers_micro_d,
          chequers_serial_rivers_micro_a
Lair:6:   minmay_lair_end_frog_pond, layout_regular_city, basic_altar,
          kennysheep_rathole
Shoals:1: gammafunk_its_a_trap, layout_shoals
Shoals:2: layout_shoals, nicolae_shoals_square_sea_wall
Shoals:3: layout_shoals, lemuel_centaur_altar
Shoals:4: shoals_end_hangedman, layout_shoals, serial_shops, shop
Spider:1: layout_spider_delve
Spider:2: layout_spider_delve, hangedman_spider_tarantella_strand
Spider:3: layout_spider_delve
Spider:4: floodkiller_spider_rune_tomb
Orc:1:    layout_caves
Orc:2:    st_orc_town, layout_caves, serial_shops, shop,
          david_defended_altar_orc, uniq_maurice
Depths:1: layout_roguey, enter_ziggurat_f, chequers_big_river, hell_entry,
          minivault_1, feat_on_display, uniq_aizul, uniq_asterion
Depths:2: evilmike_cross, layout_basic, pf_hell_entry_great_geh,
          minmay_misc_feat_plants, abyss_entry, kennysheep_just_a_vault,
          minmay_staircase_statues_hall_small

Skill      XL: |  1  2  3  4  5  6  7  8  9 10 11 12 13 14 15 16 17 18 |
---------------+-------------------------------------------------------+-----
Dodging        | 3 6 11 12 15 17 18 | 18.0
Stealth        | 3 4 5 7 8 9 11 15 | 15.0
Earth Magic    | 3 4 5 6 8 9 12 13 | 13.4
Spellcasting   | 3 4 5 6 7 12 13 | 13.5
Unarmed Combat | 1 5 9 11 | 11.0
Evocations     | 2 3 4 5 6 |  6.0
Fighting       | 2 3 6 8 10 12 14 15 | 15.0
Hexes          | 7 8 |  8.6
Charms         | 5 8 |  8.6
Air Magic      | 1 |  1.8
Transmutations | |  1.1

Action                   |  1- 3 |  4- 6 |  7- 9 | 10-12 | 13-15 | 16-18 || total
-------------------------+-------+-------+-------+-------+-------+-------++-------
Melee: Unarmed           |    94 |   185 |   382 |   274 |   386 |   399 ||  1720
       Bite              |     6 |     9 |    40 |    28 |    35 |    38 ||   156
       Punch             |     1 |       |     2 |     6 |     8 |    13 ||    30
 Cast: Sandblast         |    28 |    43 |    23 |    44 |    76 |    58 ||   272
       Passwall          |     3 |     9 |    24 |    23 |    17 |    15 ||    91
       Petrify           |       |       |    45 |    65 |   119 |   216 ||   445
       Lee's Rapid Decon |       |       |    20 |   112 |   348 |   319 ||   799
       Leda's Liquefacti |       |       |       |       |       |    16 ||    16
       Invisibility      |       |       |       |       |       |    11 ||    11
       Deflect Missiles  |       |       |       |       |       |     2 ||     2
Invok: Curse Item        |       |     1 |     1 |       |     1 |       ||     3
Evoke: Wand              |       |       |     4 |    10 |     5 |     3 ||    22
  Use: Scroll            |       |     1 |       |       |    24 |    10 ||    35
       Potion            |       |       |     3 |       |       |    10 ||    13
 Stab: Sleeping          |     7 |    13 |    23 |    15 |    25 |    32 ||   115
       Petrified         |       |       |    70 |   110 |    93 |   122 ||   395
       Petrifying        |       |       |    22 |    22 |    23 |    32 ||    99
       Confused          |       |       |     5 |       |       |       ||     5
       Paralysed         |       |       |       |     2 |       |     1 ||     3
       Distracted        |       |       |       |       |     1 |       ||     1
       Invisible         |       |       |       |       |       |    25 ||    25
  Eat: Chunk             |     9 |     5 |    29 |    46 |   110 |    61 ||   260
       Ration            |       |       |       |     3 |     6 |     7 ||    16
Armor: Skin              |    21 |    49 |    39 |    22 |    28 |    51 ||   210
Dodge: Dodged            |   115 |   231 |   262 |   167 |   495 |   854 ||  2124
       Deflected         |       |       |       |       |       |    23 ||    23

Table legend:
 A = Non-vault XP
 B = Vault XP
 C = Vault XP percentage of total XP
 D = Non-vault monster count
 E = Vault monster count
 F = Vault count percentage of total count
                 A         B        C        D         E       F
            +---------+---------+-------+---------+---------+-------
      Total |  220989 |  123050 |  35.8 |     796 |     319 |  28.6
            +---------+---------+-------+---------+---------+-------
        D:1 |      27 |       3 |  10.0 |      16 |       3 |  15.8
        D:2 |      91 |      48 |  34.5 |      29 |       8 |  21.6
        D:3 |      62 |      45 |  42.1 |      15 |       3 |  16.7
        D:4 |     462 |       0 |   0.0 |      14 |       0 |   0.0
        D:5 |     249 |      40 |  13.8 |      17 |       1 |   5.6
        D:6 |     625 |     465 |  42.7 |      13 |       4 |  23.5
        D:7 |    1171 |       0 |   0.0 |      18 |       0 |   0.0
        D:8 |    1259 |    1988 |  61.2 |      19 |       6 |  24.0
        D:9 |    1263 |    3102 |  71.1 |      27 |       4 |  12.9
       D:10 |    2979 |    2335 |  43.9 |      30 |       4 |  11.8
       D:11 |    2945 |    3478 |  54.1 |      22 |       4 |  15.4
       D:12 |    5054 |       0 |   0.0 |      23 |       0 |   0.0
       D:13 |    4357 |   18413 |  80.9 |      30 |      43 |  58.9
       D:14 |   14670 |       0 |   0.0 |      59 |       0 |   0.0
       D:15 |   13523 |    5603 |  29.3 |      29 |       6 |  17.1
     Lair:1 |    3186 |       0 |   0.0 |      17 |       0 |   0.0
     Lair:2 |    1253 |     626 |  33.3 |       8 |       1 |  11.1
     Lair:3 |    8894 |       0 |   0.0 |      29 |       0 |   0.0
     Lair:4 |    6807 |     466 |   6.4 |      22 |       1 |   4.3
     Lair:5 |    6330 |       0 |   0.0 |      18 |       0 |   0.0
     Lair:6 |    2653 |   12618 |  82.6 |      12 |      60 |  83.3
   Shoals:1 |   13073 |       0 |   0.0 |      28 |       0 |   0.0
   Shoals:2 |    8897 |       0 |   0.0 |      20 |       0 |   0.0
   Shoals:3 |    5630 |     442 |   7.3 |      18 |       4 |  18.2
   Shoals:4 |   14184 |   19860 |  58.3 |      27 |      30 |  52.6
   Spider:1 |   21062 |       0 |   0.0 |      46 |       0 |   0.0
   Spider:2 |   18338 |     210 |   1.1 |      53 |       1 |   1.9
   Spider:3 |    7638 |       0 |   0.0 |      18 |       0 |   0.0
   Spider:4 |    9861 |   39680 |  80.1 |      23 |      69 |  75.0
      Orc:2 |    3576 |    9232 |  72.1 |      33 |      65 |  66.3
   Depths:1 |   30059 |    4396 |  12.8 |      43 |       2 |   4.4
   Depths:2 |   10811 |       0 |   0.0 |      20 |       0 |   0.0
            +---------+---------+-------+---------+---------+-------
